 Dungeon Crawl Stone Soup version 0.18-a0-750-g37044d6 (webtiles) character file.

337 gorblad the Skirmisher (level 6, -1/52 HPs)
             Began as a Mummy Fighter on Dec 11, 2015.
             Was a Follower of Dithmenos.
             Slain by an orc warrior
             ... wielding a cursed -1 short sword
              (17 damage)
             ... on level 4 of the Dungeon.
             The game lasted 00:07:14 (3479 turns).

gorblad the Skirmisher (Mummy Fighter)              Turns: 3479, Time: 00:07:15

Health: -1/52      AC: 12    Str: 21    XL:     6   Next: 28%
Magic:  6/6        EV:  8    Int:  8    God:    Dithmenos [*.....]
Gold:   180        SH: 11    Dex: 16    Spells: 0 memorised, 5 levels left

rFire  x . .     SeeInvis .     a - +1 trident
rCold  + . .     Clarity  .     b - +1 scale mail
rNeg   + + +     SustAt   .     m - +2 shield {reflect}
rPois  ∞         Gourm    .     (no helmet)
rElec  .         Spirit   .     h - +2 cloak
rCorr  .         Dismiss  .     (no gloves)
rMut   .         Stasis   .     j - +0 pair of boots
MR     .....                    (no amulet)
Stlth  ..........               (no ring)
                                f - +5 ring of dexterity

@: wreathed by umbra, not resistant to hostile enchantments, extremely
unstealthy
A: no food or potions, fire vulnerability, cold resistance 1, negative energy
resistance 3, torment resistance, unbreathing
a: Renounce Religion


You were on level 4 of the Dungeon.
You worshipped Dithmenos.
Dithmenos was aware of your devotion.
You were not hungry.

You visited 1 branch of the dungeon, and saw 4 of its levels.

You collected 180 gold pieces.

Inventory:

Hand Weapons
 a - a +1 trident (weapon)
Armour
 b - a +1 scale mail (worn)
 c - a +0 shield
 h - a +2 cloak (worn)
 j - a +0 pair of boots (worn)
 m - a +2 shield of reflection (worn)
Jewellery
 e - an uncursed amulet of the gourmand
 f - a +5 ring of dexterity (left hand)
Wands
 g - a wand of magic darts (40)
 k - a wand of polymorph (11)
Scrolls
 d - a scroll of recharging
 i - 2 scrolls of teleportation
 l - a scroll of identify


   Skills:
 - Level 6.0 Fighting
 - Level 1.5 Polearms
 + Level 3.0 Armour
 + Level 1.5 Dodging
 + Level 3.0 Shields


You had 5 spell levels left.
You didn't know any spells.

Dungeon Overview and Level Annotations

Branches:
Dungeon (4/15)
 Temple: D:4-7

Altars:
Dithmenos
Pakellas

Annotations:
D:4 M4edhros's ghost, amateur OpAr


Innate Abilities, Weirdness & Mutations

You do not eat or drink.
Your flesh is vulnerable to fire.
You are immune to poison.
Your flesh is cold resistant.
You are immune to negative energy.
You are immune to unholy pain and torment.
You can survive without breathing.


Message History

The orc warrior hits you with a short sword.
You closely miss the orc warrior.
The orc warrior is heavily wounded.
The orc hits you but does no damage. You block the orc warrior's attack.
You block the orc's attack.
You hit the orc warrior but do no damage.
The orc warrior is heavily wounded.
The orc warrior hits you but does no damage.
The orc hits you but does no damage.
You barely miss the orc warrior.
The orc warrior is heavily wounded.
The orc warrior barely misses you. You block the orc's attack.
An orc comes into view. It is wielding a short sword.
You closely miss the orc warrior.
The orc warrior is heavily wounded.
The orc shouts!
The orc warrior hits you with a short sword.
You block the orc's attack.
The orc warrior hits you with a short sword!
You die...

.............. #.
....).<........ #.
............##.# #(
..........%###.. #.
...........# ... #.
###........# lo #(
# ##......## #o##
#( # #.###### #oo#
# #. #.# #@#### #.
#) ##.#
#....#####.######.
###..#####
####o...## ...#...
...........
#≈≈≈≈≈##..####.#.##
.##########
#≈###≈###....#...##
...... #≈#
####.#....# ######
#≈# ####.#.##.. ≈≈#
#......####
###...##.### #


You could see an orc warrior, 4 orcs and a giant newt.

Vanquished Creatures
  A phantom (D:4)
  2 orc priests
  A hound (D:3)
  A worker ant (D:4)
  4 adders
  An ooze (D:1)
  A worm (D:3)
  4 giant geckos
  14 orcs
  3 giant cockroaches
  7 goblins
  7 hobgoblins
  5 jackals
  3 kobolds
  2 quokkas (D:4)
  A ball python (D:3)
  5 bats
  3 giant newts
  8 rats
73 creatures vanquished.

Notes
Turn   | Place    | Note
--------------------------------------------------------------
     0 | D:1      | gorblad the Mummy Fighter began the quest for the Orb.
     0 | D:1      | Reached XP level 1. HP: 18/18 MP: 1/1
   300 | D:1      | Reached XP level 2. HP: 24/24 MP: 2/2
   890 | D:1      | Reached skill level 4 in Fighting
  1148 | D:2      | Found a shadowy altar of Dithmenos.
  1162 | D:2      | Became a worshipper of Dithmenos the Shadowed
  1247 | D:2      | Reached XP level 3. HP: 30/30 MP: 3/3
  1835 | D:2      | Reached * piety under Dithmenos
  1902 | D:3      | Reached XP level 4. HP: 29/38 MP: 4/4
  1904 | D:3      | Reached skill level 5 in Fighting
  1909 | D:3      | Found an oddly glowing altar of Pakellas.
  1999 | D:3      | Found a faded altar to an unknown god.
  2078 | D:3      | HP: 1/39 [orc (2)]
  2415 | D:4      | Noticed M4edhros's ghost (amateur OpAr)
  2421 | D:4      | Reached XP level 5. HP: 37/46 MP: 5/5
  2917 | D:3      | Reached skill level 6 in Fighting
  3359 | D:4      | Noticed a phantom
  3371 | D:4      | Killed a phantom
  3371 | D:4      | Reached skill level 1 in Dodging
  3371 | D:4      | Reached XP level 6. HP: 52/52 MP: 6/6
  3479 | D:4      | Slain by an orc warrior

Vault maps used:
D:1:      lightli_arrival_isolated_outpost, serial_co_window_serial,
          co_window_paths_b, co_window_corner_a, co_window_paths_a,
          co_window_of_opportunity_a, co_window_paths_a, co_window_broadway_c,
          co_window_cross_4, co_window_broadway_b, co_window_unsneaky_path_d,
          glass_columns_a, glass_columns_c, minmay_misc_feat_iff,
          corexii_leaking_fountain
D:2:      lemuel_crystal_altar
D:3:      grunt_pakellas_salt, ecumenical_altar_1
D:4:      first_bread, serial_shops, kennysheep_mini_moat

Action                   |  1- 3 |  4- 6 || total
-------------------------+-------+-------++-------
Melee: Trident           |   201 |   167 ||   368
  Use: Scroll            |     6 |     4 ||    10
